Workbook
Name _currency: IF(ISBLANK(Settings!$C$7),Settings!$C$5,Settings!$C$7)

Sheet Settings
B1: SETTINGS
B3: CURRENCY SYMBOL
B5: Select your currency → | C5: ₪
C6: OR
B7: Enter different currency →
B11: MARKETS
A13: =IF(ISBLANK(C13),"",COUNT($A$11:A12)+1) -> 1 | C13: Wall Mart | D13: ← | E13: Create a list of all markets and shops where you usually do your shopping. Having a full list of all the shops you use helps to filter your shopping list by the shop where you want to buy a particular item (or items). In this manner you won't need to search through your entire list when shopping.
A14: =IF(ISBLANK(C14),"",COUNT($A$11:A13)+1) -> 2 | C14: Costco
A15: =IF(ISBLANK(C15),"",COUNT($A$11:A14)+1) -> 3 | C15: Orchard
A16: =IF(ISBLANK(C16),"",COUNT($A$11:A15)+1) -> 4 | C16: Market
A17: =IF(ISBLANK(C17),"",COUNT($A$11:A16)+1) -> 5 | C17: Fish Market
A18: =IF(ISBLANK(C18),"",COUNT($A$11:A17)+1) -> 6 | C18: Home Delivey
A19: =IF(ISBLANK(C19),"",COUNT($A$11:A18)+1)
A20: =IF(ISBLANK(C20),"",COUNT($A$11:A19)+1)
A21: =IF(ISBLANK(C21),"",COUNT($A$11:A20)+1)
A22: =IF(ISBLANK(C22),"",COUNT($A$11:A21)+1)
A23: =IF(ISBLANK(C23),"",COUNT($A$11:A22)+1)
A24: =IF(ISBLANK(C24),"",COUNT($A$11:A23)+1)
A25: =IF(ISBLANK(C25),"",COUNT($A$11:A24)+1) | B25: Insert a new row above

Sheet Grocery List
D1: בס"ד
D5: מוצרים
B6: פריט | D6: מוצר | E6: תיאור | F6: כמות | G6: מחיר
B7: =IF(H7="x",COUNT(B$3:B6)+1,"") -> 1 | D7: Apples | E7: Costco | F7: 1 | G7: 2.51 | H7: x
B8: =IF(H8="x",COUNT(B$3:B7)+1,"") -> 2 | D8: Bananas | E8: Costco | F8: 2 | G8: 3.4 | H8: x
B9: =IF(H9="x",COUNT(B$3:B8)+1,"") -> 3 | D9: Carrots | E9: Costco | F9: 5 | G9: 1 | H9: x
B10: =IF(H10="x",COUNT(B$3:B9)+1,"") -> 4 | D10: Celery | E10: Market | F10: 8 | G10: 0.99 | H10: x
B11: =IF(H11="x",COUNT(B$3:B10)+1,"") | D11: Cucumber | E11: Market | F11: 25 | G11: 0.8
B12: =IF(H12="x",COUNT(B$3:B11)+1,"") | D12: Lettuce | E12: Market | F12: 15 | G12: 1.14
B13: =IF(H13="x",COUNT(B$3:B12)+1,"") -> 5 | D13: Pears | E13: Costco | F13: 18 | G13: 2.39 | H13: x
B14: =IF(H14="x",COUNT(B$3:B13)+1,"") -> 6 | D14: Oranges | E14: Costco | F14: 4 | G14: 2.59 | H14: x
B15: =IF(H15="x",COUNT(B$3:B14)+1,"") -> 7 | D15: Potatoes | E15: Costco | F15: 30 | G15: 3.25 | H15: x
B16: =IF(H16="x",COUNT(B$3:B15)+1,"") -> 8 | D16: Onions | E16: Market | F16: 5 | G16: 1.25 | H16: x
B17: =IF(H17="x",COUNT(B$3:B16)+1,"") | D17: Tomatoes | E17: Market | F17: 2 | G17: 1.69
B18: =IF(H18="x",COUNT(B$3:B17)+1,"") -> 9 | D18: Cabbage | E18: Market | F18: 3 | G18: 1.29 | H18: x
B19: =IF(H19="x",COUNT(B$3:B18)+1,"") | D19: Squash
B20: =IF(H20="x",COUNT(B$3:B19)+1,"") | D20: Capsicums
B21: =IF(H21="x",COUNT(B$3:B20)+1,"") | D21: Aubergines
B22: =IF(H22="x",COUNT(B$3:B21)+1,"") | D22: Plums
B23: =IF(H23="x",COUNT(B$3:B22)+1,"") | D23: Mangoes
B24: =IF(H24="x",COUNT(B$3:B23)+1,"") | D24: Melons
B25: =IF(H25="x",COUNT(B$3:B24)+1,"") | D25: Coriander
B26: =IF(H26="x",COUNT(B$3:B25)+1,"") | D26: Parsley
B27: =IF(H27="x",COUNT(B$3:B26)+1,"") | D27: Dill
B28: =IF(H28="x",COUNT(B$3:B27)+1,"") | D28: Cherry Tomatoes
B29: =IF(H29="x",COUNT(B$3:B28)+1,"") | D29: Salad Onions
B30: =IF(H30="x",COUNT(B$3:B29)+1,"") | C30: Insert a new row above this line

Sheet Shopping List
B1: בס"ד
D6: סה"כ
D7: =CONCATENATE("₪"," ",ROUND(SUM($H$11:$H$208),2)) -> ₪ 183.23
C10: מוצר | D10: תיאור | E10: כמות | F10: מחיר | H10: סה"כ
B11: =IF(C11="","","c") -> c | C11: =IF(ROWS($C$10:$C10)>MAX('Grocery List'!$B:$B),"",INDEX('Grocery List'!D:D,MATCH(ROWS($C$10:$C10),'Grocery List'!$B:$B,0))) -> Apples | D11: =IF(ROWS($C$10:$C10)>MAX('Grocery List'!$B:$B),"",INDEX('Grocery List'!E:E,MATCH(ROWS($C$10:$C10),'Grocery List'!$B:$B,0))) -> Costco | E11: =IF(C11="","",IF(INDEX('Grocery List'!$F:$F,MATCH(C11,'Grocery List'!$D:$D,0),1)>0,INDEX('Grocery List'!$F:$F,MATCH(C11,'Grocery List'!$D:$D,0),1),"")) -> 1 | F11: =IF(C11="","",_currency) -> ₪ | G11: =IF(C11="","",INDEX('Grocery List'!$G:$G,MATCH(C11,'Grocery List'!$D:$D,0),1)) -> 2.51 | H11: =IF(OR(ISBLANK(E11),G11=""),IF(C11="","",0),E11*G11) -> 2.51
B12: =IF(C12="","","c") -> c | C12: =IF(ROWS($C$10:$C11)>MAX('Grocery List'!$B:$B),"",INDEX('Grocery List'!D:D,MATCH(ROWS($C$10:$C11),'Grocery List'!$B:$B,0))) -> Bananas | D12: =IF(ROWS($C$10:$C11)>MAX('Grocery List'!$B:$B),"",INDEX('Grocery List'!E:E,MATCH(ROWS($C$10:$C11),'Grocery List'!$B:$B,0))) -> Costco | E12: =IF(C12="","",IF(INDEX('Grocery List'!$F:$F,MATCH(C12,'Grocery List'!$D:$D,0),1)>0,INDEX('Grocery List'!$F:$F,MATCH(C12,'Grocery List'!$D:$D,0),1),"")) -> 2 | F12: =IF(C12="","",_currency) -> ₪ | G12: =IF(C12="","",INDEX('Grocery List'!$G:$G,MATCH(C12,'Grocery List'!$D:$D,0),1)) -> 3.4 | H12: =IF(OR(ISBLANK(E12),G12=""),IF(C12="","",0),E12*G12) -> 6.8
B13: =IF(C13="","","c") -> c | C13: =IF(ROWS($C$10:$C12)>MAX('Grocery List'!$B:$B),"",INDEX('Grocery List'!D:D,MATCH(ROWS($C$10:$C12),'Grocery List'!$B:$B,0))) -> Carrots | D13: =IF(ROWS($C$10:$C12)>MAX('Grocery List'!$B:$B),"",INDEX('Grocery List'!E:E,MATCH(ROWS($C$10:$C12),'Grocery List'!$B:$B,0))) -> Costco | E13: =IF(C13="","",IF(INDEX('Grocery List'!$F:$F,MATCH(C13,'Grocery List'!$D:$D,0),1)>0,INDEX('Grocery List'!$F:$F,MATCH(C13,'Grocery List'!$D:$D,0),1),"")) -> 5 | F13: =IF(C13="","",_currency) -> ₪ | G13: =IF(C13="","",INDEX('Grocery List'!$G:$G,MATCH(C13,'Grocery List'!$D:$D,0),1)) -> 1 | H13: =IF(OR(ISBLANK(E13),G13=""),IF(C13="","",0),E13*G13) -> 5
B14: =IF(C14="","","c") -> c | C14: =IF(ROWS($C$10:$C13)>MAX('Grocery List'!$B:$B),"",INDEX('Grocery List'!D:D,MATCH(ROWS($C$10:$C13),'Grocery List'!$B:$B,0))) -> Celery | D14: =IF(ROWS($C$10:$C13)>MAX('Grocery List'!$B:$B),"",INDEX('Grocery List'!E:E,MATCH(ROWS($C$10:$C13),'Grocery List'!$B:$B,0))) -> Market | E14: =IF(C14="","",IF(INDEX('Grocery List'!$F:$F,MATCH(C14,'Grocery List'!$D:$D,0),1)>0,INDEX('Grocery List'!$F:$F,MATCH(C14,'Grocery List'!$D:$D,0),1),"")) -> 8 | F14: =IF(C14="","",_currency) -> ₪ | G14: =IF(C14="","",INDEX('Grocery List'!$G:$G,MATCH(C14,'Grocery List'!$D:$D,0),1)) -> 0.99 | H14: =IF(OR(ISBLANK(E14),G14=""),IF(C14="","",0),E14*G14) -> 7.92
B15: =IF(C15="","","c") -> c | C15: =IF(ROWS($C$10:$C14)>MAX('Grocery List'!$B:$B),"",INDEX('Grocery List'!D:D,MATCH(ROWS($C$10:$C14),'Grocery List'!$B:$B,0))) -> Pears | D15: =IF(ROWS($C$10:$C14)>MAX('Grocery List'!$B:$B),"",INDEX('Grocery List'!E:E,MATCH(ROWS($C$10:$C14),'Grocery List'!$B:$B,0))) -> Costco | E15: =IF(C15="","",IF(INDEX('Grocery List'!$F:$F,MATCH(C15,'Grocery List'!$D:$D,0),1)>0,INDEX('Grocery List'!$F:$F,MATCH(C15,'Grocery List'!$D:$D,0),1),"")) -> 18 | F15: =IF(C15="","",_currency) -> ₪ | G15: =IF(C15="","",INDEX('Grocery List'!$G:$G,MATCH(C15,'Grocery List'!$D:$D,0),1)) -> 2.39 | H15: =IF(OR(ISBLANK(E15),G15=""),IF(C15="","",0),E15*G15) -> 43.02
B16: =IF(C16="","","c") -> c | C16: =IF(ROWS($C$10:$C15)>MAX('Grocery List'!$B:$B),"",INDEX('Grocery List'!D:D,MATCH(ROWS($C$10:$C15),'Grocery List'!$B:$B,0))) -> Oranges | D16: =IF(ROWS($C$10:$C15)>MAX('Grocery List'!$B:$B),"",INDEX('Grocery List'!E:E,MATCH(ROWS($C$10:$C15),'Grocery List'!$B:$B,0))) -> Costco | E16: =IF(C16="","",IF(INDEX('Grocery List'!$F:$F,MATCH(C16,'Grocery List'!$D:$D,0),1)>0,INDEX('Grocery List'!$F:$F,MATCH(C16,'Grocery List'!$D:$D,0),1),"")) -> 4 | F16: =IF(C16="","",_currency) -> ₪ | G16: =IF(C16="","",INDEX('Grocery List'!$G:$G,MATCH(C16,'Grocery List'!$D:$D,0),1)) -> 2.59 | H16: =IF(OR(ISBLANK(E16),G16=""),IF(C16="","",0),E16*G16) -> 10.36
B17: =IF(C17="","","c") -> c | C17: =IF(ROWS($C$10:$C16)>MAX('Grocery List'!$B:$B),"",INDEX('Grocery List'!D:D,MATCH(ROWS($C$10:$C16),'Grocery List'!$B:$B,0))) -> Potatoes | D17: =IF(ROWS($C$10:$C16)>MAX('Grocery List'!$B:$B),"",INDEX('Grocery List'!E:E,MATCH(ROWS($C$10:$C16),'Grocery List'!$B:$B,0))) -> Costco | E17: =IF(C17="","",IF(INDEX('Grocery List'!$F:$F,MATCH(C17,'Grocery List'!$D:$D,0),1)>0,INDEX('Grocery List'!$F:$F,MATCH(C17,'Grocery List'!$D:$D,0),1),"")) -> 30 | F17: =IF(C17="","",_currency) -> ₪ | G17: =IF(C17="","",INDEX('Grocery List'!$G:$G,MATCH(C17,'Grocery List'!$D:$D,0),1)) -> 3.25 | H17: =IF(OR(ISBLANK(E17),G17=""),IF(C17="","",0),E17*G17) -> 97.5
B18: =IF(C18="","","c") -> c | C18: =IF(ROWS($C$10:$C17)>MAX('Grocery List'!$B:$B),"",INDEX('Grocery List'!D:D,MATCH(ROWS($C$10:$C17),'Grocery List'!$B:$B,0))) -> Onions | D18: =IF(ROWS($C$10:$C17)>MAX('Grocery List'!$B:$B),"",INDEX('Grocery List'!E:E,MATCH(ROWS($C$10:$C17),'Grocery List'!$B:$B,0))) -> Market | E18: =IF(C18="","",IF(INDEX('Grocery List'!$F:$F,MATCH(C18,'Grocery List'!$D:$D,0),1)>0,INDEX('Grocery List'!$F:$F,MATCH(C18,'Grocery List'!$D:$D,0),1),"")) -> 5 | F18: =IF(C18="","",_currency) -> ₪ | G18: =IF(C18="","",INDEX('Grocery List'!$G:$G,MATCH(C18,'Grocery List'!$D:$D,0),1)) -> 1.25 | H18: =IF(OR(ISBLANK(E18),G18=""),IF(C18="","",0),E18*G18) -> 6.25
B19: =IF(C19="","","c") -> c | C19: =IF(ROWS($C$10:$C18)>MAX('Grocery List'!$B:$B),"",INDEX('Grocery List'!D:D,MATCH(ROWS($C$10:$C18),'Grocery List'!$B:$B,0))) -> Cabbage | D19: =IF(ROWS($C$10:$C18)>MAX('Grocery List'!$B:$B),"",INDEX('Grocery List'!E:E,MATCH(ROWS($C$10:$C18),'Grocery List'!$B:$B,0))) -> Market | E19: =IF(C19="","",IF(INDEX('Grocery List'!$F:$F,MATCH(C19,'Grocery List'!$D:$D,0),1)>0,INDEX('Grocery List'!$F:$F,MATCH(C19,'Grocery List'!$D:$D,0),1),"")) -> 3 | F19: =IF(C19="","",_currency) -> ₪ | G19: =IF(C19="","",INDEX('Grocery List'!$G:$G,MATCH(C19,'Grocery List'!$D:$D,0),1)) -> 1.29 | H19: =IF(OR(ISBLANK(E19),G19=""),IF(C19="","",0),E19*G19) -> 3.87
B20: =IF(C20="","","c") | C20: =IF(ROWS($C$10:$C19)>MAX('Grocery List'!$B:$B),"",INDEX('Grocery List'!D:D,MATCH(ROWS($C$10:$C19),'Grocery List'!$B:$B,0))) | D20: =IF(ROWS($C$10:$C19)>MAX('Grocery List'!$B:$B),"",INDEX('Grocery List'!E:E,MATCH(ROWS($C$10:$C19),'Grocery List'!$B:$B,0))) | E20: =IF(C20="","",IF(INDEX('Grocery List'!$F:$F,MATCH(C20,'Grocery List'!$D:$D,0),1)>0,INDEX('Grocery List'!$F:$F,MATCH(C20,'Grocery List'!$D:$D,0),1),"")) | F20: =IF(C20="","",_currency) | G20: =IF(C20="","",INDEX('Grocery List'!$G:$G,MATCH(C20,'Grocery List'!$D:$D,0),1)) | H20: =IF(OR(ISBLANK(E20),G20=""),IF(C20="","",0),E20*G20)
B21: =IF(C21="","","c") | C21: =IF(ROWS($C$10:$C20)>MAX('Grocery List'!$B:$B),"",INDEX('Grocery List'!D:D,MATCH(ROWS($C$10:$C20),'Grocery List'!$B:$B,0))) | D21: =IF(ROWS($C$10:$C20)>MAX('Grocery List'!$B:$B),"",INDEX('Grocery List'!E:E,MATCH(ROWS($C$10:$C20),'Grocery List'!$B:$B,0))) | E21: =IF(C21="","",IF(INDEX('Grocery List'!$F:$F,MATCH(C21,'Grocery List'!$D:$D,0),1)>0,INDEX('Grocery List'!$F:$F,MATCH(C21,'Grocery List'!$D:$D,0),1),"")) | F21: =IF(C21="","",_currency) | G21: =IF(C21="","",INDEX('Grocery List'!$G:$G,MATCH(C21,'Grocery List'!$D:$D,0),1)) | H21: =IF(OR(ISBLANK(E21),G21=""),IF(C21="","",0),E21*G21)
B22: =IF(C22="","","c") | C22: =IF(ROWS($C$10:$C21)>MAX('Grocery List'!$B:$B),"",INDEX('Grocery List'!D:D,MATCH(ROWS($C$10:$C21),'Grocery List'!$B:$B,0))) | D22: =IF(ROWS($C$10:$C21)>MAX('Grocery List'!$B:$B),"",INDEX('Grocery List'!E:E,MATCH(ROWS($C$10:$C21),'Grocery List'!$B:$B,0))) | E22: =IF(C22="","",IF(INDEX('Grocery List'!$F:$F,MATCH(C22,'Grocery List'!$D:$D,0),1)>0,INDEX('Grocery List'!$F:$F,MATCH(C22,'Grocery List'!$D:$D,0),1),"")) | F22: =IF(C22="","",_currency) | G22: =IF(C22="","",INDEX('Grocery List'!$G:$G,MATCH(C22,'Grocery List'!$D:$D,0),1)) | H22: =IF(OR(ISBLANK(E22),G22=""),IF(C22="","",0),E22*G22)
... B208: =IF(C208="","","c") | C208: =IF(ROWS($C$10:$C207)>MAX('Grocery List'!$B:$B),"",INDEX('Grocery List'!D:D,MATCH(ROWS($C$10:$C207),'Grocery List'!$B:$B,0))) | D208: =IF(ROWS($C$10:$C207)>MAX('Grocery List'!$B:$B),"",INDEX('Grocery List'!E:E,MATCH(ROWS($C$10:$C207),'Grocery List'!$B:$B,0))) | E208: =IF(C208="","",IF(INDEX('Grocery List'!$F:$F,MATCH(C208,'Grocery List'!$D:$D,0),1)>0,INDEX('Grocery List'!$F:$F,MATCH(C208,'Grocery List'!$D:$D,0),1),"")) | F208: =IF(C208="","",_currency) | G208: =IF(C208="","",INDEX('Grocery List'!$G:$G,MATCH(C208,'Grocery List'!$D:$D,0),1)) | H208: =IF(OR(ISBLANK(E208),G208=""),IF(C208="","",0),E208*G208)
B209: =IF(C209="","","□") | C209: =IF(ROWS($C$10:$C208)>MAX('Grocery List'!$B:$B),"",INDEX('Grocery List'!D:D,MATCH(ROWS($C$10:$C208),'Grocery List'!$B:$B,0))) | D209: =IF(ROWS($C$10:$C208)>MAX('Grocery List'!$B:$B),"",INDEX('Grocery List'!E:E,MATCH(ROWS($C$10:$C208),'Grocery List'!$B:$B,0))) | E209: =IF(C209="","",IF(INDEX('Grocery List'!$F:$F,MATCH(C209,'Grocery List'!$D:$D,0),1)>0,INDEX('Grocery List'!$F:$F,MATCH(C209,'Grocery List'!$D:$D,0),1),"")) | F209: =IF(C209="","",_currency) | G209: =IF(C209="","",INDEX('Grocery List'!$G:$G,MATCH(C209,'Grocery List'!$D:$D,0),1)) | H209: =IF(OR(ISBLANK(E209),G209=""),IF(C209="","",0),E209*G209)
C210: =IF(ROWS($C$10:$C209)>MAX('Grocery List'!$B:$B),"",INDEX('Grocery List'!D:D,MATCH(ROWS($C$10:$C209),'Grocery List'!$B:$B,0))) | D210: =IF(C210="","",IF(INDEX('Grocery List'!$E:$E,MATCH(C210,'Grocery List'!$D:$D,0),1)>0,INDEX('Grocery List'!$E:$E,MATCH(C210,'Grocery List'!$D:$D,0),1),"")) | E210: =IF(C210="","",IF(INDEX('Grocery List'!$F:$F,MATCH(C210,'Grocery List'!$D:$D,0),1)>0,INDEX('Grocery List'!$F:$F,MATCH(C210,'Grocery List'!$D:$D,0),1),"")) | F210: =IF(C210="","",INDEX('Grocery List'!$H:$H,MATCH(C210,'Grocery List'!$D:$D,0),1)) | H210: =IF(OR(ISBLANK(E210),G210=""),IF(C210="","",0),E210*G210) | I210: =IF(OR(ISBLANK(J210),F210=""),IF(C210="","",0),J210*F210)
C211: =IF(ROWS($C$10:$C210)>MAX('Grocery List'!$B:$B),"",INDEX('Grocery List'!D:D,MATCH(ROWS($C$10:$C210),'Grocery List'!$B:$B,0))) | D211: =IF(C211="","",IF(INDEX('Grocery List'!$E:$E,MATCH(C211,'Grocery List'!$D:$D,0),1)>0,INDEX('Grocery List'!$E:$E,MATCH(C211,'Grocery List'!$D:$D,0),1),"")) | E211: =IF(C211="","",IF(INDEX('Grocery List'!$F:$F,MATCH(C211,'Grocery List'!$D:$D,0),1)>0,INDEX('Grocery List'!$F:$F,MATCH(C211,'Grocery List'!$D:$D,0),1),"")) | F211: =IF(C211="","",INDEX('Grocery List'!$H:$H,MATCH(C211,'Grocery List'!$D:$D,0),1)) | H211: =IF(OR(ISBLANK(E211),G211=""),IF(C211="","",0),E211*G211) | I211: =IF(OR(ISBLANK(J211),F211=""),IF(C211="","",0),J211*F211)

Sheet ©
A1: Terms of Use - EULA
I3: ="© "&YEAR(TODAY())&" Spreadsheet123 LTD" -> © 2019 Spreadsheet123 LTD
A5: IMPORTANT—READ CAREFULLY:
A6: This End-User License Agreement (”EULA”) is a legal agreement between you and Spreadsheet123.com that
A7: covers all Microsoft Excel and OpenOffice.org templates or spreadsheets (”TEMPLATES”) and software ("SOFTWARE") made
A8: by Spreadsheet123.com.
A10: By downloading, copying, accessing or otherwise using any TEMPLATES or/and SOFTWARE, you agree to be bound by the
A11: terms of this EULA.
A13: TEMPLATES LICENSE
A14: This TEMPLATE is protected by copyright laws and international copyright treaties, as well as other intellectual
A15: property laws and treaties. Each TEMPLATE is licensed, not sold.
A17: 1. GRANT OF LICENSE.
A18: This EULA grants you the right to download this TEMPLATE free of charge for personal use or use within your family.
A19: You may customize this TEMPLATE with you personal information and use for its intended purpose in personal calculations
... A54: damages, so the above limitation may not apply to you.
